 Dungeon Crawl Stone Soup version 0.25-a0-667-gb977e01 (webtiles) character file.

Game seed: 5971572317708440055, levelgen mode: deterministic

89385 Faca the Fencer (level 16, -7/137 HPs)
             Began as a Human Berserker on Mar 28, 2020.
             Was a High Priest of Trog.
             Mangled by Snorg (21 damage)
             ... on level 14 of the Dungeon.
             The game lasted 01:00:37 (33538 turns).

Faca the Fencer (Human Berserker)                  Turns: 33538, Time: 01:00:37

Health: -7/137     AC: 30    Str: 27    XL:     16   Next: 43%
Magic:  0/16       EV: 14    Int:  8    God:    Trog [*****.]
Gold:   1519       SH:  0    Dex: 14    Spells: 15/15 levels left

rFire    + . .     SeeInvis .   F - +6 great sword (vorpal)
rCold    + + .     Gourm    .   (shield currently unavailable)
rNeg     . . .     Faith    .   C - +1 plate armour {rC+}
rPois    .         Spirit   +   E - +2 helmet
rElec    .         Reflect  .   R - scarf {rC+ rF+}
rCorr    .         Harm     .   s - +2 pair of gloves
MR       +....                  O - +2 pair of boots
Stlth    ..........             a - amulet of guardian spirit
HPRegen  0.32/turn              M - +4 ring of strength
MPRegen  0.15/turn              h - +4 ring of protection

@: lightly drained
A: no striking features
a: Berserk, Trog's Hand, Brothers in Arms, Renounce Religion


You were on level 14 of the Dungeon.
You worshipped Trog.
Trog was extremely pleased with you.
You were not hungry.

You visited 3 branches of the dungeon, and saw 22 of its levels.
You also visited: Sewer, Ossuary and Ice Cave.

You collected 2765 gold pieces.
You spent 1246 gold pieces at shops.

Inventory:

Hand Weapons
 F - a +6 vorpal great sword (weapon)
 J - a +3 great sword of flaming
Missiles
 w - 30 boomerangs (quivered)
Armour
 s - a +2 pair of gloves (worn)
 C - a +1 plate armour of cold resistance (worn)
 D - a +1 plate armour of poison resistance
 E - a +2 helmet (worn)
 O - a +2 pair of boots (worn)
 R - a scarf of resistance (worn)
Jewellery
 a - an amulet of guardian spirit (around neck)
 h - a +4 ring of protection (right hand)
 A - an uncursed ring of protection from cold
 M - a +4 ring of strength (left hand)
Wands
 v - a wand of paralysis (9)
 x - a wand of disintegration (21)
 B - a wand of flame (47)
 G - a wand of digging (20)
 H - a wand of scattershot (4)
 K - a wand of iceblast (14)
 N - a wand of clouds (7)
Scrolls
 b - 5 scrolls of fog
 e - 11 scrolls of remove curse
 j - 5 scrolls of enchant weapon
 l - 3 scrolls of enchant armour
 m - 2 scrolls of brand weapon
 o - 8 scrolls of fear
 p - 4 scrolls of magic mapping
 r - 5 scrolls of immolation
 y - 11 scrolls of teleportation
 I - a scroll of blinking
 L - 10 scrolls of identify
Potions
 d - 5 potions of flight
 f - 7 potions of curing
 g - 5 potions of might
 i - 3 potions of resistance
 k - 3 potions of lignification
 n - 4 potions of invisibility
 t - 4 potions of ambrosia
 u - 2 potions of mutation
 z - 5 potions of haste
 P - a potion of heal wounds
 Q - a potion of stabbing
Comestibles
 c - 44 rations
 q - 2 chunks of flesh


   Skills:
 + Level 15.7(15.3) Fighting
 + Level 15.7(15.4) Long Blades
 + Level 11.9(11.5) Armour
 + Level 11.9(11.5) Dodging
 - Level 0.3(0.0) Stealth
   Level 0.3(0.0) Shields


You had 15 spell levels left.
You didn't know any spells.
Your spell library was empty.

Dungeon Overview and Level Annotations

Branches:
Dungeon (14/15)            Temple (0/1) D:6            Lair (6/6) D:10
 Shoals (0/4) Lair:3       Spider (0/4) Lair:3        Slime (0/5) Lair:5
    Orc (2/2) D:10            Elf (0/3) Orc:2         Sewer (visited)
Ossuary (visited)           IceCv (visited)
 Vaults: D:13-14

Altars:
Makhleb
Qazlal
Ru
Xom
Beogh
Jiyva

Shops:
Orc:2 =*[(

Annotations:
D:7 3 runed translucent doors, robertstho's ghost, novice GrFi
D:14 3 runed translucent doors, Fosutexa's ghost, journeyman DrTm; Snorg
Orc:1 1 runed translucent door, lunkers's ghost, journeyman FoIE


Message History

You closely miss Snorg.
Snorg is heavily wounded.
Snorg bites you!!
* * * LOW HITPOINT WARNING * * *
Snorg claws you but does no damage. Snorg claws you.
* * * LOW HITPOINT WARNING * * *
Snorg bites you!
* * * LOW HITPOINT WARNING * * *
Snorg claws you but does no damage. Snorg closely misses you.
You slice Snorg!!
Snorg is severely wounded.
Snorg barely misses you. x2; Snorg closely misses you.
You barely miss Snorg.
Snorg is severely wounded.
Snorg bites you but does no damage. Snorg claws you but does no damage.
Snorg misses you.
You closely miss Snorg.
Snorg is severely wounded.
Snorg misses you. x2; Snorg claws you but does no damage.
Snorg bites you!!
You die...

####....##
#........##
..........(#
###.......(##
#.........##
#...(......#
#...........##
#........(..$#
.........@...#
........T...#
...........#
...........#
...........#
...........#
##........##
##......##


You could see Snorg (berserk).

Vanquished Creatures
  A frost giant (IceCv)
  An orc warlord (Orc:2)
  Erolcha (Orc:1)
  5 hydras
  2 catoblepae
  4 centaur warriors
  2 two-headed ogres
  A death yak (IceCv)
  3 orc high priests (Orc:2)
  2 unseen horrors
  6 orc sorcerers (Orc:2)
  A wolf spider (D:14)
  3 ugly things
  3 orc knights
  4 cyclopes
  A deep elf mage (D:13)
  An ice statue (IceCv)
  3 gargoyles
  8 elephants (Lair:6)
  7 black mambas
  A torpor snail (Lair:5)
  A centaur zombie (D:13)
  10 spiny frogs
  4 rime drakes
  13 komodo dragons
  An efreet (D:14)
  2 queen bees
  17 polar bears
  27 blink frogs
  5 hornets
  3 trolls
  Grinder (D:4)
  A blink frog (shapeshifter) (D:14)
  19 dream sheep
  Prince Ribbit (Lair:3)
  10 hippogriffs
  4 slime creatures (D:13)
  A vampire (D:13)
  2 water elementals (D:11)
  6 basilisks
  4 hogs (D:7)
  A human (D:7)
  52 yaks
  12 spriggans (Lair:6)
  3 wyverns
  A hungry ghost (D:9)
  Grum (D:9)
  3 chaos spawn (D:10)
  An acid dragon (D:13)
  A soldier ant (D:14)
  6 porcupines
  6 water moccasins
  4 black bears
  2 hornet zombies
  12 ice beasts
  29 orc warriors
  4 sky beasts
  A phantom (D:8)
  85 wolves
  9 ogres
  3 boggarts (Lair:6)
  8 centaurs
  13 crocodiles
  6 big kobolds
  17 bullfrogs
  A wyvern skeleton (D:7)
  7 scorpions
  40 killer bees
  4 electric eels
  10 wights
  2 howler monkeys
  9 crimson imps
  7 hounds
  4 jellies
  18 orc priests
  4 bullfrog skeletons
  2 centaur skeletons
  26 orc wizards
  3 iguanas
  Natasha (twice) (D:2)
  8 worker ants
  A hound zombie (D:7)
  A hound skeleton (D:5)
  13 mummies (Ossuary)
  10 adders
  A gnoll (D:1)
  A shadow imp (D:7)
  An ooze (Sewer)
  An adder skeleton (D:6)
  2 dart slugs (D:1)
  6 worms
  5 leopard geckos
  89 orcs
  7 giant cockroaches
  8 goblins
  4 hobgoblins
  17 jackals
  3 quokkas
  2 ball pythons (Sewer)
  11 bats
  8 frilled lizards
  2 gnoll skeletons (Ossuary)
  A goblin skeleton (Ossuary)
  3 jackal skeletons
  21 kobolds
  4 kobold skeletons (Ossuary)
  2 leopard gecko skeletons
  A leopard gecko zombie (D:5)
  An orc skeleton (Ossuary)
  10 rats
  11 rat skeletons (Ossuary)
  2 fungi
  A plant (Lair:2)
869 creatures vanquished.

Vanquished Creatures (others)
  A jackal zombie (D:8)
  12 fungi
  6 plants
19 creatures vanquished.

Grand Total: 888 creatures vanquished

Notes
Turn   | Place    | Note
-------+----------+-------------------------------------------
     0 | D:1      | Faca the Human Berserker began the quest for the Orb.
     0 | D:1      | Reached XP level 1. HP: 18/18 MP: 1/1
   215 | D:1      | Reached XP level 2. HP: 21/24 MP: 2/2
   248 | D:1      | Reached XP level 3. HP: 6/29 MP: 3/3
  1612 | D:2      | Reached XP level 4. HP: 14/37 MP: 4/4
  1866 | D:2      | Found a faded altar of an unknown god.
  1898 | D:2      | Reached ** piety under Trog
  1940 | D:2      | Noticed Natasha
  1951 | D:2      | Killed Natasha
  2250 | D:2      | Noticed Natasha
  2262 | D:2      | Killed Natasha
  2262 | D:2      | Reached XP level 5. HP: 42/42 MP: 5/5
  3233 | D:4      | Reached skill level 5 in Long Blades
  3277 | D:4      | Found a glowing drain.
  3304 | D:4      | Reached XP level 6. HP: 19/49 MP: 6/6
  3331 | Sewer    | Entered a sewer
  3510 | Sewer    | Reached skill level 5 in Fighting
  3686 | Sewer    | Reached *** piety under Trog
  3764 | Sewer    | Reached XP level 7. HP: 26/56 MP: 7/7
  4749 | D:4      | Noticed Grinder
  4765 | D:4      | Killed Grinder
  4765 | D:4      | Reached XP level 8. HP: 65/65 MP: 8/8
  4805 | D:4      | Reached **** piety under Trog
  5230 | D:5      | Entered Level 5 of the Dungeon
  6659 | D:5      | Reached XP level 9. HP: 20/74 MP: 9/9
  7925 | D:6      | Found a staircase to the Ecumenical Temple.
  8277 | D:6      | Found a burning altar of Makhleb.
  8277 | D:6      | Noticed a balrug
  8581 | D:7      | Noticed a hippogriff
  8809 | D:7      | Killed a hippogriff
  9811 | D:7      | Reached XP level 10. HP: 84/84 MP: 10/10
  9817 | D:7      | Reached skill level 10 in Long Blades
  9832 | D:7      | Reached skill level 10 in Fighting
 10148 | D:7      | Found a runed translucent gate.
 10148 | D:7      | Found a runed translucent gate.
 10149 | D:7      | Found a runed translucent gate.
 10151 | D:7      | Noticed robertstho's ghost (novice GrFi)
 10208 | D:8      | Found a sand-covered staircase.
 10228 | Ossuary  | Entered an ossuary
 10674 | Ossuary  | Reached ***** piety under Trog
 10674 | Ossuary  | Received a gift from Trog
 11342 | D:8      | Found a stormy altar of Qazlal.
 11609 | D:8      | You fall into a shaft and drop 1 floor!
 11845 | D:8      | Found a sacrificial altar of Ru.
 12418 | D:9      | Noticed Grum
 12446 | D:9      | HP: 4/87 [Grum/+0 vampiric spear (10)]
 12481 | D:9      | Killed Grum
 12752 | D:9      | Reached XP level 11. HP: 67/93 MP: 11/11
 13308 | D:10     | Entered Level 10 of the Dungeon
 13740 | D:10     | Found a staircase to the Orcish Mines.
 13836 | D:10     | Noticed a two-headed ogre
 13864 | D:10     | Killed a two-headed ogre
 13876 | D:10     | Received a gift from Trog
 13998 | D:10     | Found a staircase to the Lair.
 14061 | D:10     | Found a shimmering altar of Xom.
 14063 | D:10     | Found the +7 mace of Variability {chain chaos}
 14063 | D:10     | Noticed an eight-headed hydra
 14084 | D:10     | Killed a three-headed hydra
 14206 | D:10     | Killed an unseen horror
 14669 | D:10     | Paralysed by a hornet for 1 turns
 15248 | D:11     | Reached XP level 12. HP: 66/102 MP: 12/12
 15517 | D:11     | Noticed a centaur warrior
 15714 | D:10     | Reached skill level 5 in Armour
 15859 | Lair:1   | Entered Level 1 of the Lair of Beasts
 15862 | Lair:1   | Reached skill level 5 in Dodging
 16244 | Lair:1   | Noticed Sonja
 16625 | Lair:1   | Noticed Sonja
 16625 | Lair:1   | Sonja changed into Sonja the queen bee
 16644 | D:10     | Killed Sonja the queen bee
 16915 | Lair:1   | Noticed a catoblepas
 17025 | Lair:1   | Killed a catoblepas
 17846 | Lair:1   | Received a gift from Trog
 18098 | Lair:1   | You fall into a shaft and drop 1 floor!
 18150 | Lair:2   | Reached XP level 13. HP: 59/109 MP: 6/13
 18917 | Lair:2   | Noticed a seven-headed hydra
 18926 | Lair:2   | Killed a three-headed hydra
 19134 | Lair:2   | Noticed an eight-headed hydra
 19139 | Lair:2   | Killed a six-headed hydra
 19635 | Lair:2   | Noticed a seven-headed hydra
 19643 | Lair:2   | Killed a two-headed hydra
 21100 | Lair:3   | Noticed Prince Ribbit
 21105 | Lair:3   | Killed Prince Ribbit
 21471 | Lair:3   | Found a hole to the Spider Nest.
 21669 | Lair:3   | Found a staircase to the Shoals.
 22376 | Lair:4   | You fall into a shaft and drop 1 floor!
 22443 | Lair:5   | Received a gift from Trog
 22483 | Lair:5   | Reached XP level 14. HP: 97/119 MP: 14/14
 23620 | Lair:4   | Received a gift from Trog
 24333 | Lair:5   | Found a viscous altar of Jiyva.
 24334 | Lair:5   | Found a staircase to the Slime Pits.
 24412 | Lair:6   | Entered Level 6 of the Lair of Beasts
 25538 | Lair:6   | Reached skill level 10 in Armour
 25538 | Lair:6   | Reached skill level 10 in Dodging
 26345 | Lair:6   | Reached XP level 15. HP: 126/127 MP: 15/15
 27042 | Lair:6   | Received a gift from Trog
 27341 | Orc:1    | Entered Level 1 of the Orcish Mines
 27346 | Orc:1    | Noticed Erolcha
 27358 | Orc:1    | Killed Erolcha
 27400 | Orc:1    | Found a roughly hewn altar of Beogh.
 27489 | Orc:2    | Entered Level 2 of the Orcish Mines
 27704 | Orc:1    | Found a runed translucent door.
 27704 | Orc:1    | Found a shimmering altar of Xom.
 27704 | Orc:1    | Noticed lunkers's ghost (journeyman FoIE)
 27975 | Orc:2    | Found a staircase to the Elven Halls.
 28191 | Orc:2    | Reached skill level 15 in Long Blades
 28248 | Orc:2    | Received a gift from Trog
 28951 | Orc:2    | Found a burning altar of Makhleb.
 28975 | Orc:2    | Reached skill level 15 in Fighting
 29168 | Orc:2    | Noticed an orc warlord
 29181 | Orc:2    | Killed an orc warlord
 29491 | Orc:2    | Found Wairats's General Store.
 29492 | Orc:2    | Found Iranonah's Jewellery Boutique.
 29493 | Orc:2    | Found Zeiwoepo's Antique Armour Boutique.
 29493 | Orc:2    | Found Gimipaig's Antique Weapon Shop.
 29508 | Orc:2    | Bought a cursed amulet of inaccuracy for 20 gold pieces
 29509 | Orc:2    | Bought a +4 ring of protection for 360 gold pieces
 29519 | Orc:2    | Bought a runed plate armour for 572 gold pieces
 29541 | Orc:2    | Bought a glowing great sword for 294 gold pieces
 29836 | D:11     | Received a gift from Trog
 30888 | D:12     | Found a frozen archway.
 30958 | IceCv    | Entered an ice cave
 31432 | IceCv    | Noticed a frost giant
 31458 | IceCv    | Killed a frost giant
 31458 | IceCv    | Received a gift from Trog
 31458 | IceCv    | Reached XP level 16. HP: 136/136 MP: 16/16
 32642 | D:13     | Received a gift from Trog
 33105 | D:14     | Found a runed translucent gate.
 33105 | D:14     | Found a runed translucent gate.
 33105 | D:14     | Found a runed translucent gate.
 33110 | D:14     | Noticed Fosutexa's ghost (journeyman DrTm)
 33517 | D:14     | Noticed Snorg
 33538 | D:14     | Mangled by Snorg

Levels and vault maps discovered:
D:1:      roderic_crop_circles_arrival_small, layout_basic
D:2:      layout_basic, chequers_ecumenical_altar_twisty, uniq_natasha
D:3:      layout_rooms, first_ration
D:4:      layout_rooms, cheibrodos_sewer_entry_sluice, kennysheep_potato,
          uniq_grinder
D:5:      minmay_inner_zag, layout_loops_ring, minmay_fractal_squares_diagonal_5
D:6:      layout_layer_cave, makhleb_altar_promises_db, temple_fountains
D:7:      layout_basic, gammafunk_ghost_split, grunt_livestock,
          kennysheep_decorative_pillar
D:8:      layout_loops_ring, grunt_qazlal_clouds, enter_ossuary_1,
          hangedman_ru_absence
D:9:      layout_gridville, kennysheep_generic_room_5, uniq_grum
D:10:     layout_small_grid, grunt_lair_entry_orc_guard_hut, erik_orc_3,
          minmay_guarded_unrand_variability
D:11:     minmay_twisted_water, layout_basic
D:12:     layout_cave_pools, portal_ice_cave_entry_pillars_2, grunt_ministairs_1
D:13:     layout_basic
D:14:     layout_cave_pods, david_vaults_1, basic_altar,
          gammafunk_ghost_hydra_chop, uniq_snorg
Lair:1:   layout_hall_layers, grunt_megastairs_1, uniq_sonja
Lair:2:   layout_long_grid, special_room [special_room_bee],
          beast_lair_carwin_10, lemuel_fruit_tree, grunt_megastairs_4,
          serial_bayou_shore_a
Lair:3:   layout_loops_ring, elwin_shoals_entry_rocks, spider_nest_entry_a,
          infiniplex_staircase_pool_2, lemuel_fruit_fields, uniq_prince_ribbit2
Lair:4:   layout_cave_pods
Lair:5:   layout_big_grid, slime_altar_1, grunt_forest_large_clearings
Lair:6:   minmay_lair_end_enchanted_forest, layout_big_grid
Orc:1:    layout_caves, ebering_ghost_xom, mines1_david, uniq_erolcha
Orc:2:    st_orc_congregation, layout_diamond_mine, basic_altar

Skill      XL: |  1  2  3  4  5  6  7  8  9 10 11 12 13 14 15 |
---------------+----------------------------------------------+-----
Long Blades    | 4 5 7 8 9 11 12 13 14 15 | 15.7
Fighting       | 4 5 6 7 9 11 12 13 14 15 | 15.7
Armour         | 4 6 8 10 11 | 11.9
Dodging        | 4 6 8 10 11 | 11.9
Stealth        | |  0.3
Shields        | |  0.3

Action                   |  1- 3 |  4- 6 |  7- 9 | 10-12 | 13-15 | 16-18 || total
-------------------------+-------+-------+-------+-------+-------+-------++-------
Melee: Falchion          |    90 |   245 |   532 |       |       |       ||   867
       Long sword        |       |       |    29 |   428 |       |       ||   457
       Great sword       |       |       |       |   284 |  1139 |   226 ||  1649
Throw: Boomerang         |       |       |       |     3 |     7 |       ||    10
Invok: Berserk           |     1 |     2 |     4 |     4 |     3 |       ||    14
       Trog's Hand       |       |     1 |       |     4 |     7 |     1 ||    13
Evoke: Wand              |       |       |       |     6 |     5 |       ||    11
  Use: Scroll            |     6 |     6 |     6 |     7 |     7 |     1 ||    33
       Potion            |       |       |     5 |     9 |     2 |     1 ||    17
 Stab: Sleeping          |       |       |     1 |       |       |       ||     1
  Eat: Chunk             |     2 |     7 |    10 |    20 |    36 |     8 ||    83
       Ration            |       |     1 |     4 |     5 |     4 |       ||    14
Armor: Animal skin       |    21 |       |       |       |       |       ||    21
       Plate armour      |       |   273 |    73 |       |   538 |   188 ||  1072
       Scale mail        |       |       |   117 |       |       |       ||   117
       Chain mail        |       |       |   111 |   422 |   281 |       ||   814
Dodge: Dodged            |    62 |   102 |   175 |   311 |   944 |   219 ||  1813
Block: Buckler           |     4 |    65 |    92 |    50 |       |       ||   211
       Rpst.: Falchion   |    21 |    21 |    54 |       |       |       ||    96
       Long sword        |       |       |       |    39 |       |       ||    39
       Great sword       |       |       |       |    58 |   253 |    47 ||   358

Table legend:
 A = Non-vault XP
 B = Vault XP
 C = Vault XP percentage of total XP
 D = Non-vault monster count
 E = Vault monster count
 F = Vault count percentage of total count
                 A         B        C        D         E       F
            +---------+---------+-------+---------+---------+-------
      Total |   77078 |   50615 |  39.6 |     517 |     349 |  40.3
            +---------+---------+-------+---------+---------+-------
        D:1 |      52 |       0 |   0.0 |      25 |       0 |   0.0
        D:2 |      85 |      33 |  28.0 |      25 |       1 |   3.8
        D:3 |      60 |       0 |   0.0 |      13 |       0 |   0.0
        D:4 |     222 |     334 |  60.1 |      27 |       6 |  18.2
        D:5 |     363 |     410 |  53.0 |      11 |      12 |  52.2
        D:6 |     535 |       0 |   0.0 |      14 |       0 |   0.0
        D:7 |    1278 |    1021 |  44.4 |      27 |       5 |  15.6
        D:8 |    1264 |       0 |   0.0 |      17 |       0 |   0.0
        D:9 |    1644 |     622 |  27.4 |      17 |       5 |  22.7
       D:10 |    5277 |    2217 |  29.6 |      25 |      25 |  50.0
       D:11 |    4957 |     909 |  15.5 |      39 |       7 |  15.2
       D:12 |    4282 |     869 |  16.9 |      28 |       6 |  17.6
       D:13 |    6918 |       0 |   0.0 |      32 |       0 |   0.0
       D:14 |    4899 |       0 |   0.0 |      23 |       0 |   0.0
     Lair:1 |    7336 |     645 |   8.1 |      32 |       3 |   8.6
     Lair:2 |    5792 |    4548 |  44.0 |      14 |      34 |  70.8
     Lair:3 |    3506 |    1325 |  27.4 |      13 |       5 |  27.8
     Lair:4 |    3784 |       0 |   0.0 |      20 |       0 |   0.0
     Lair:5 |    8076 |    3890 |  32.5 |      38 |      33 |  46.5
     Lair:6 |   12919 |    9133 |  41.4 |      45 |      44 |  49.4
      Orc:1 |    1396 |    1720 |  55.2 |      16 |       4 |  20.0
      Orc:2 |    2433 |    9989 |  80.4 |      16 |      57 |  78.1
      Sewer |       0 |     525 | 100.0 |       0 |      24 | 100.0
    Ossuary |       0 |     256 | 100.0 |       0 |      32 | 100.0
      IceCv |       0 |   12169 | 100.0 |       0 |      46 | 100.0
            +---------+---------+-------+---------+---------+-------
